[Event "Ch FRA 2024 Open B"]
[Site "ALPE D'HUEZ, France"]
[Date "2024.08.17"]
[Round "1.1"]
[White "DELADERRIERE, Helio"]
[Black "MASSON, Valentin"]
[Result "1/2-1/2"]
[ECO "D05"]
[WhiteElo "1900"]
[BlackElo "1991"]
[PlyCount "132"]
[EventDate "2024.??.??"]
[TimeControl "90/40+30:0"]

1. d4 {100} e6 {19} 2. Nf3 {118} d5 {8} 3. e3 {64} Nf6 {51} 4. b3 {107} Bb4+ {
160} 5. c3 {130} Be7 {40} 6. Bb2 {127} O-O {40} 7. Nbd2 {33} b6 {113} 8. Bd3 {
268} Ba6 {100} 9. Bxa6 {169} Nxa6 {8} 10. Ne5 {31} Nb8 {68} 11. O-O {233} c5 {
50} 12. f4 {271} Qc7 {277} 13. Rf3 {1465} Rd8 {382} 14. Rh3 {137} Nbd7 {326}
15. Ndf3 {220} Nxe5 {696} 16. Nxe5 {95} Bd6 {255} 17. g4 {984} Bxe5 {857} 18.
dxe5 {10} Nd7 {72} 19. g5 {95} Nf8 {112} 20. Qc2 {103} Qc6 {224} 21. Rd1 {671}
a5 {174} 22. a4 {39} g6 {170} 23. Ba3 {75} b5 {178} 24. axb5 {168} Qxb5 {37}
25. c4 {51} dxc4 {134} 26. Rxd8 {19} Rxd8 {10} 27. bxc4 {5} Qc6 {181} 28. e4 {
52} Rd4 {161} 29. Re3 {19} Nd7 {152} 30. Bb2 {41} Nb6 {238} 31. Bxd4 {69} cxd4
{15} 32. Rd3 {41} Qxe4 {81} 33. Qd1 {17} Qxf4 {166} 34. Rxd4 {22} Qxg5+ {80}
35. Rg4 {28} Qe3+ {63} 36. Kg2 {66} h5 {368} 37. Rg3 {85} Qe4+ {54} 38. Rf3 {45
} Nxc4 {134} 39. Kf2 {271} Nxe5 {70} 40. Rc3 {57} Ng4+ {149} 41. Kg1 {24} Kg7 {
548} 42. h3 {180} Qh1+ {499} 43. Kxh1 {8} Nf2+ {6} 44. Kg2 {61} Nxd1 {6} 45.
Ra3 {20} a4 {244} 46. Rxa4 {68} Ne3+ {20} 47. Kf3 {20} Nf5 {6} 48. Kf4 {149}
Kf6 {37} 49. Ra5 {23} g5+ {134} 50. Kf3 {15} Ne7 {157} 51. Ke4 {143} Ng6 {31}
52. Ra1 {51} h4 {29} 53. Ra5 {219} Nf4 {54} 54. Ra3 {34} Kg6 {76} 55. Rb3 {76}
f5+ {108} 56. Ke5 {54} Kh5 {150} 57. Ra3 {372} Nxh3 {142} 58. Rxh3 {1} g4 {16}
59. Ra3 {54} Kg5 {129} 60. Ra8 {80} h3 {46} 61. Rg8+ {92} Kh4 {0} 62. Kxe6 {179
} h2 {80} 63. Kxf5 {114} Kg3 {23} 64. Rh8 {109} Kg2 {10} 65. Kxg4 {17} h1=Q {11
} 66. Rxh1 {6} Kxh1 {5} 1/2-1/2

[Event "Ch FRA 2024 Open B"]
[Site "ALPE D'HUEZ, France"]
[Date "2024.08.17"]
[Round "1.2"]
[White "OBERT, Julien"]
[Black "DENIS, Clement"]
[Result "1/2-1/2"]
[ECO "B10"]
[WhiteElo "1976"]
[BlackElo "1900"]
[PlyCount "96"]
[EventDate "2024.??.??"]
[TimeControl "90/40+30:0"]

1. e4 {5} c6 {9} 2. Nf3 {46} d5 {14} 3. Nc3 {67} dxe4 {66} 4. Nxe4 {15} Nf6 {6}
5. Qe2 {72} Bg4 {78} 6. c3 {471} Qc7 {271} 7. d4 {645} Nbd7 {81} 8. h3 {347}
Bh5 {148} 9. Nxf6+ {908} gxf6 {212} 10. g4 {165} Bg6 {146} 11. Nh4 {0} O-O-O {
35} 12. Nxg6 {226} hxg6 {8} 13. Be3 {186} e6 {572} 14. O-O-O {128} Nb6 {546}
15. Bg2 {526} Nd5 {345} 16. Qf3 {355} Be7 {363} 17. Bd2 {165} f5 {547} 18. Kb1
{530} Bf6 {410} 19. gxf5 {290} gxf5 {32} 20. Bf1 {164} Nb6 {176} 21. Bd3 {250}
Be7 {504} 22. Bf4 {102} Bd6 {12} 23. Bxd6 {35} Qxd6 {7} 24. h4 {17} Nd5 {330}
25. h5 {94} Rh6 {16} 26. Bc4 {49} Nf6 {122} 27. Be2 {123} Rdh8 {78} 28. Qg2 {
109} Qf8 {250} 29. c4 {55} Nxh5 {485} 30. Bxh5 {40} Rxh5 {7} 31. Rxh5 {39} Rxh5
{6} 32. d5 {5} cxd5 {230} 33. cxd5 {1} exd5 {49} 34. Qxd5 {70} Qe7 {228} 35.
Qc4+ {44} Kb8 {66} 36. Qf4+ {6} Ka8 {63} 37. Qe3 {54} Qf8 {41} 38. Qf3 {31} Rh8
{24} 39. Qxf5 {9} Qe7 {35} 40. Qd5 {49} Re8 {41} 41. f4 {244} a6 {13} 42. f5 {
159} Qf6 {258} 43. Rc1 {305} Kb8 {255} 44. Qd7 {141} Rd8 {448} 45. Qc7+ {102}
Ka8 {128} 46. Qc5 {174} Re8 {104} 47. Qd5 {344} Rd8 {55} 48. Qc5 {112} Re8 {79}
1/2-1/2

[Event "Ch FRA 2024 Open B"]
[Site "ALPE D'HUEZ, France"]
[Date "2024.08.17"]
[Round "1.3"]
[White "GACHON , Alban"]
[Black "DENNINGER, Guilhem"]
[Result "0-1"]
[ECO "A00"]
[WhiteElo "1898"]
[BlackElo "1969"]
[PlyCount "90"]
[EventDate "2024.??.??"]
[TimeControl "90/40+30:0"]

1. e3 {16} d5 {15} 2. b3 {17} Nf6 {41} 3. Bb2 {11} Bf5 {61} 4. Nf3 {53} e6 {26}
5. Be2 {58} h6 {161} 6. c4 {59} c6 {35} 7. d3 {209} Nbd7 {85} 8. O-O {106} Be7
{804} 9. Ne5 {201} O-O {121} 10. Nd2 {75} Nxe5 {416} 11. Bxe5 {8} Nd7 {39} 12.
Bb2 {172} Bf6 {518} 13. Bxf6 {44} Nxf6 {60} 14. d4 {41} Qe7 {119} 15. f4 {92}
c5 {325} 16. Nf3 {196} Rac8 {609} 17. dxc5 {225} Qxc5 {570} 18. Qd4 {17} dxc4 {
84} 19. Bxc4 {164} b5 {425} 20. Qxc5 {109} Rxc5 {3} 21. Be2 {12} Ng4 {403} 22.
Nd4 {488} Nxe3 {45} 23. Rf3 {38} Nc2 {277} 24. Nxc2 {72} Rxc2 {255} 25. Bxb5 {
35} Rd8 {103} 26. Rf2 {85} Rdd2 {80} 27. Raf1 {106} Rxa2 {17} 28. Rxd2 {16}
Rxd2 {2} 29. Rf2 {94} Rd1+ {48} 30. Rf1 {30} Rxf1+ {94} 31. Kxf1 {5} a5 {62}
32. Kf2 {35} Be4 {9} 33. g4 {273} Bd5 {5} 34. Ba4 {23} Kf8 {63} 35. Ke3 {9} Ke7
{10} 36. h4 {10} Kd6 {38} 37. Kd4 {42} f6 {119} 38. g5 {70} e5+ {81} 39. fxe5+
{17} fxe5+ {7} 40. Ke3 {32} hxg5 {220} 41. hxg5 {12} Bc6 {22} 42. Bxc6 {28}
Kxc6 {6} 43. Ke4 {6} Kd6 {24} 44. Kf5 {9} Kd5 {676} 45. Kg6 {106} e4 {42} 0-1

[Event "Ch FRA 2024 Open B"]
[Site "ALPE D'HUEZ, France"]
[Date "2024.08.17"]
[Round "1.4"]
[White "HABERTHUR, Maxime"]
[Black "KONATE, Salma"]
[Result "0-1"]
[ECO "B24"]
[WhiteElo "1967"]
[BlackElo "1898"]
[PlyCount "98"]
[EventDate "2024.??.??"]
[TimeControl "90/40+30:0"]

1. e4 {2} c5 {75} 2. Nc3 {10} Nc6 {13} 3. g3 {9} e6 {16} 4. Bg2 {18} Be7 {26}
5. Nge2 {27} d6 {18} 6. d4 {195} cxd4 {206} 7. Nxd4 {8} Nf6 {15} 8. Nxc6 {665}
bxc6 {11} 9. e5 {8} Nd5 {9} 10. exd6 {19} Qxd6 {129} 11. O-O {158} O-O {115}
12. Nxd5 {646} exd5 {112} 13. Bf4 {494} Qf6 {533} 14. Qe2 {1332} Re8 {322} 15.
c3 {275} Bf5 {337} 16. Rfe1 {156} h6 {503} 17. h4 {1292} Bd6 {771} 18. Qxe8+ {
20} Rxe8 {7} 19. Rxe8+ {5} Kh7 {6} 20. Bxd6 {13} Qxd6 {8} 21. Ree1 {57} Qc5 {
223} 22. Rad1 {122} Qa5 {182} 23. a3 {37} Qb5 {27} 24. Rd2 {27} a5 {911} 25.
Bf1 {33} Qb6 {36} 26. Re3 {193} Be4 {168} 27. Bd3 {47} f5 {211} 28. Bxe4 {7}
dxe4 {129} 29. Kg2 {56} Kg6 {43} 30. b4 {81} Kh5 {369} 31. Rd7 {75} g5 {69} 32.
hxg5 {6} hxg5 {37} 33. Rd6 {201} Qc7 {89} 34. Rd4 {25} Qe5 {105} 35. bxa5 {49}
Qxa5 {10} 36. a4 {36} Qe5 {138} 37. Re1 {101} c5 {66} 38. Rdd1 {2} Qxc3 {10}
39. Ra1 {22} Kg4 {40} 40. a5 {63} Qf3+ {22} 41. Kf1 {5} e3 {90} 42. Ra4+ {41}
f4 {8} 43. Rxe3 {28} Qd1+ {7} 44. Kg2 {305} Qxa4 {46} 45. f3+ {60} Kf5 {34} 46.
g4+ {35} Kf6 {5} 47. Re4 {24} Qxa5 {12} 48. Kh2 {10} Qd2+ {8} 49. Kh3 {11} Qf2
{10} 0-1

[Event "Ch FRA 2024 Open B"]
[Site "ALPE D'HUEZ, France"]
[Date "2024.08.18"]
[Round "2.1"]
[White "DENNINGER, Guilhem"]
[Black "BUDIN, Joseph"]
[Result "1/2-1/2"]
[ECO "D12"]
[WhiteElo "1969"]
[BlackElo "1904"]
[PlyCount "82"]
[EventDate "2024.??.??"]
[TimeControl "90/40+30:0"]

1. c4 {8} c6 {7} 2. Nf3 {26} d5 {12} 3. e3 {20} Nf6 {55} 4. d4 {65} Bf5 {240}
5. Bd3 {258} Bxd3 {153} 6. Qxd3 {5} e6 {12} 7. O-O {138} Bd6 {136} 8. Nbd2 {55}
O-O {161} 9. e4 {60} dxe4 {110} 10. Nxe4 {5} Nxe4 {17} 11. Qxe4 {4} Nd7 {133}
12. Bg5 {558} Nf6 {678} 13. Qc2 {872} h6 {388} 14. Bh4 {65} Be7 {138} 15. Rfe1
{97} Rc8 {273} 16. Rad1 {194} Qc7 {275} 17. a3 {268} Rfd8 {234} 18. Qe2 {378}
a5 {875} 19. Ne5 {584} c5 {167} 20. d5 {1220} exd5 {128} 21. Nf3 {178} dxc4 {
269} 22. Rxd8+ {179} Bxd8 {19} 23. Qxc4 {8} Qd6 {297} 24. Ne5 {427} Qd5 {83}
25. a4 {167} Qxc4 {408} 26. Nxc4 {1} g5 {18} 27. Bg3 {8} Bc7 {241} 28. Bxc7 {90
} Rxc7 {4} 29. Nxa5 {7} Nd5 {125} 30. Re8+ {70} Kg7 {21} 31. Rb8 {32} b6 {132}
32. Nc4 {3} Re7 {33} 33. Kf1 {18} Re6 {10} 34. Ne3 {229} Nxe3+ {189} 35. fxe3 {
1} f5 {93} 36. Kf2 {33} Kf6 {25} 37. Rc8 {37} Re4 {139} 38. Rc6+ {22} Re6 {10}
39. Rc8 {4} Re4 {10} 40. Rc6+ {121} Re6 {8} 41. Rc8 {28} Ke5 {0} 1/2-1/2

[Event "Ch FRA 2024 Open B"]
[Site "ALPE D'HUEZ, France"]
[Date "2024.08.18"]
[Round "2.2"]
[White "EL FAKKAK, Radouan"]
[Black "BEAUVOIS, Benjamin"]
[Result "1/2-1/2"]
[ECO "C55"]
[WhiteElo "1905"]
[BlackElo "1957"]
[PlyCount "49"]
[EventDate "2024.??.??"]
[TimeControl "90/40+30:0"]

1. e4 {5} e5 {4} 2. Nf3 {8} Nc6 {5} 3. Bc4 {11} Nf6 {7} 4. d3 {29} h6 {6} 5.
O-O {92} d6 {92} 6. a4 {75} a5 {273} 7. c3 {73} g5 {115} 8. Re1 {501} g4 {412}
9. Nfd2 {33} h5 {30} 10. Nf1 {115} Bh6 {565} 11. Nbd2 {588} h4 {760} 12. f3 {
1062} g3 {938} 13. hxg3 {467} hxg3 {25} 14. Nxg3 {64} Nh5 {1221} 15. Nxh5 {245}
Qh4 {84} 16. Nf6+ {109} Qxf6 {3} 17. Nf1 {68} Bd7 {210} 18. Bxh6 {360} Rxh6 {
268} 19. Ne3 {317} O-O-O {8} 20. Kf2 {597} Rdh8 {302} 21. Rg1 {139} Rh2 {190}
22. Nf1 {228} R2h7 {165} 23. Ne3 {113} Rh2 {6} 24. Nf1 {31} R2h7 {13} 25. Ne3 {
9} 1/2-1/2

[Event "Ch FRA 2024 Open B"]
[Site "ALPE D'HUEZ, France"]
[Date "2024.08.18"]
[Round "2.3"]
[White "ABIVEN, Pierre-Louis"]
[Black "DION, Esteban"]
[Result "1-0"]
[ECO "B23"]
[WhiteElo "1956"]
[BlackElo "1896"]
[PlyCount "65"]
[EventDate "2024.??.??"]
[TimeControl "90/40+30:0"]

1. e4 {2} c5 {24} 2. Nc3 {22} Nc6 {39} 3. f4 {69} g6 {46} 4. Nf3 {8} Bg7 {51}
5. Bb5 {37} Nd4 {73} 6. O-O {65} Nxb5 {68} 7. Nxb5 {8} d5 {50} 8. e5 {467} a6 {
250} 9. Nc3 {273} e6 {196} 10. a4 {261} Ne7 {147} 11. d4 {167} cxd4 {579} 12.
Ne2 {191} Bd7 {233} 13. Nexd4 {76} Rc8 {269} 14. Be3 {372} O-O {92} 15. c3 {169
} Nc6 {91} 16. Nxc6 {196} Bxc6 {262} 17. Bd4 {294} b5 {197} 18. a5 {731} Re8 {
379} 19. b4 {179} Bb7 {241} 20. Qe2 {228} Rc6 {59} 21. Nd2 {281} Qc7 {103} 22.
Rf3 {210} Bf8 {92} 23. Raf1 {101} Rc8 {159} 24. Rh3 {163} Qd7 {144} 25. Qf2 {77
} Be7 {60} 26. g4 {157} Rc4 {195} 27. Qe3 {347} Qd8 {223} 28. Nf3 {156} R8c6 {
453} 29. f5 {317} exf5 {398} 30. Qh6 {14} Bxb4 {38} 31. e6 {100} Rxd4 {44} 32.
Qxh7+ {8} Kf8 {3} 33. Qxf7# {8} 1-0

[Event "Ch FRA 2024 Open B"]
[Site "ALPE D'HUEZ, France"]
[Date "2024.08.18"]
[Round "2.4"]
[White "SPINOSI, Aurelien"]
[Black "PARNY, Mathieu"]
[Result "0-1"]
[ECO "C42"]
[WhiteElo "1953"]
[BlackElo "1896"]
[PlyCount "48"]
[EventDate "2024.??.??"]
[TimeControl "90/40+30:0"]

1. e4 {2} e5 {5} 2. Nf3 {6} Nf6 {4} 3. Nxe5 {174} d6 {15} 4. Nf3 {79} Nxe4 {7}
5. Nc3 {97} Nxc3 {6} 6. dxc3 {5} Be7 {3} 7. Be3 {451} Nd7 {25} 8. Qd2 {154} Nf6
{12} 9. Bd3 {167} O-O {8} 10. O-O-O {561} c5 {24} 11. c4 {1321} b5 {4} 12. cxb5
{267} a6 {104} 13. bxa6 {813} Bxa6 {12} 14. Bxa6 {178} Rxa6 {5} 15. a3 {37} Qb6
{464} 16. Qd3 {426} Rb8 {935} 17. Kd2 {361} Qa5+ {269} 18. b4 {219} cxb4 {125}
19. axb4 {36} Qxb4+ {54} 20. Ke2 {15} Ra3 {336} 21. Qd4 {129} Qb5+ {282} 22.
Rd3 {150} Rc8 {459} 23. Rc1 {42} Rc4 {12} 24. Qb6 {79} Rxc2+ {201} 0-1

[Event "Ch FRA 2024 Open B"]
[Site "ALPE D'HUEZ, France"]
[Date "2024.08.19"]
[Round "3.1"]
[White "SAMOUELIAN, Solal"]
[Black "ABIVEN, Pierre-Louis"]
[Result "1-0"]
[ECO "B12"]
[WhiteElo "1913"]
[BlackElo "1956"]
[PlyCount "103"]
[EventDate "2024.??.??"]
[TimeControl "90/40+30:0"]

1. e4 {3} c6 {23} 2. d4 {7} d5 {5} 3. e5 {15} Bf5 {20} 4. h4 {9} h5 {21} 5. Bd3
{10} Bxd3 {7} 6. Qxd3 {8} Qa5+ {7} 7. b4 {90} Qa6 {64} 8. Qxa6 {0} Nxa6 {271}
9. a3 {67} e6 {152} 10. Bg5 {77} Ne7 {152} 11. Bxe7 {85} Bxe7 {24} 12. Nd2 {71}
Nc7 {141} 13. Ngf3 {95} a5 {232} 14. Ke2 {162} O-O {212} 15. c3 {69} Ra7 {581}
16. Nb3 {138} b6 {148} 17. bxa5 {270} bxa5 {27} 18. a4 {29} Rb8 {57} 19. Rab1 {
84} f6 {318} 20. g3 {166} Rb6 {337} 21. Kd3 {455} Kf7 {376} 22. Nc5 {332} Na8 {
1232} 23. Kc2 {196} Rc7 {169} 24. Rhe1 {180} Ra7 {846} 25. Rb3 {490} Bxc5 {519}
26. dxc5 {100} Rxb3 {7} 27. Kxb3 {17} Nc7 {108} 28. exf6 {73} gxf6 {11} 29. Nd4
{60} e5 {223} 30. Nxc6 {69} Rb7+ {77} 31. Ka3 {79} Ne6 {30} 32. Nxa5 {164} Ra7
{15} 33. Nb3 {159} Nc7 {80} 34. Rb1 {191} Ke6 {80} 35. f3 {61} Kd7 {41} 36. Rg1
{102} Kc6 {23} 37. g4 {83} Ne6 {23} 38. gxh5 {42} Nxc5 {36} 39. Nxc5 {27} Kxc5
{5} 40. Rg6 {23} Rh7 {50} 41. h6 {12} f5 {42} 42. Kb3 {263} d4 {41} 43. Kc2 {
141} Kc4 {29} 44. cxd4 {555} Kxd4 {21} 45. Kd2 {57} e4 {27} 46. fxe4 {22} fxe4
{23} 47. a5 {36} e3+ {31} 48. Ke2 {73} Rb7 {43} 49. Rg4+ {20} Kc5 {33} 50. Kxe3
{11} Kb5 {33} 51. Rg7 {13} Rb8 {27} 52. h7 {19} 1-0

[Event "Ch FRA 2024 Open B"]
[Site "ALPE D'HUEZ, France"]
[Date "2024.08.19"]
[Round "3.2"]
[White "PARNY, Mathieu"]
[Black "NAVROTESCU, Vlad-Andrei"]
[Result "0-1"]
[ECO "C60"]
[WhiteElo "1896"]
[BlackElo "1948"]
[PlyCount "104"]
[EventDate "2024.??.??"]
[TimeControl "90/40+30:0"]

1. e4 {2} e5 {153} 2. Nf3 {6} Nc6 {13} 3. Bb5 {10} Nge7 {6} 4. O-O {73} Ng6 {5}
5. c3 {322} d5 {8} 6. d3 {438} dxe4 {222} 7. dxe4 {12} Qxd1 {5} 8. Bxc6+ {109}
bxc6 {6} 9. Rxd1 {6} Bc5 {294} 10. Nbd2 {263} f6 {163} 11. Nc4 {444} Be6 {228}
12. Na5 {485} Ne7 {36} 13. Re1 {574} Rb8 {1080} 14. b4 {437} Bb6 {469} 15. Nb3
{4} Kf7 {860} 16. Be3 {93} Rhd8 {14} 17. Nc5 {283} Bxc5 {171} 18. Bxc5 {8} Rd3
{4} 19. Bxa7 {43} Ra8 {10} 20. Bc5 {75} Ra3 {38} 21. Rec1 {406} Nc8 {1168} 22.
c4 {391} Ra4 {234} 23. Kf1 {193} Nb6 {32} 24. Bxb6 {410} cxb6 {7} 25. a3 {6}
Rdxa3 {66} 26. Rxa3 {398} Rxa3 {6} 27. b5 {318} cxb5 {292} 28. cxb5 {5} Ra4 {22
} 29. Rc7+ {138} Kg6 {10} 30. Rc6 {3} Bc4+ {49} 31. Ke1 {6} Bxb5 {4} 32. Nxe5+
{64} Kh5 {156} 33. g4+ {6} Kh4 {6} 34. Rxb6 {250} Rxe4+ {15} 35. Kd2 {6} Rxe5 {
8} 36. Rb7 {69} Rg5 {116} 37. f3 {30} Bc6 {125} 38. Rb3 {39} Ra5 {39} 39. Ke3 {
42} h5 {98} 40. gxh5 {48} Kxh5 {21} 41. Kf4 {68} g5+ {241} 42. Kg3 {50} Rf5 {57
} 43. Rc3 {138} Rxf3+ {428} 44. Rxf3 {11} Bxf3 {4} 45. Kxf3 {5} Kh4 {3} 46. Kg2
{243} f5 {8} 47. Kf2 {233} Kh3 {10} 48. Kg1 {9} f4 {78} 49. Kh1 {14} f3 {87}
50. Kg1 {5} g4 {59} 51. Kh1 {18} g3 {8} 52. hxg3 {59} f2 {5} 0-1

[Event "Ch FRA 2024 Open B"]
[Site "ALPE D'HUEZ, France"]
[Date "2024.08.19"]
[Round "3.3"]
[White "LECOCQ, ALexandre"]
[Black "VEISSEIRE, Arthur"]
[Result "1/2-1/2"]
[ECO "B01"]
[WhiteElo "1889"]
[BlackElo "1938"]
[PlyCount "75"]
[EventDate "2024.??.??"]
[TimeControl "90/40+30:0"]

1. e4 {17} d5 {9} 2. exd5 {17} Qxd5 {12} 3. Nc3 {6} Qa5 {14} 4. d4 {8} Nf6 {11}
5. Bd2 {9} c6 {51} 6. h3 {44} Bf5 {69} 7. Nf3 {31} h6 {165} 8. Bc4 {72} e6 {45}
9. Bb3 {273} Bb4 {230} 10. a3 {55} Bxc3 {13} 11. Bxc3 {7} Qc7 {14} 12. Bd2 {671
} Nbd7 {186} 13. Qe2 {98} Ne4 {345} 14. Be3 {304} Qa5+ {631} 15. Nd2 {80} Ndf6
{147} 16. O-O-O {304} b5 {237} 17. g4 {417} Bg6 {262} 18. Nxe4 {49} Bxe4 {400}
19. f3 {886} Bd5 {27} 20. Bd2 {22} Qc7 {177} 21. Bxd5 {130} Nxd5 {40} 22. h4 {
209} O-O-O {363} 23. g5 {93} hxg5 {144} 24. hxg5 {117} g6 {59} 25. Kb1 {185}
Nb6 {347} 26. Qe4 {304} Rxh1 {617} 27. Rxh1 {2} e5 {11} 28. Bc3 {327} Nd5 {185}
29. Qxe5 {44} Nxc3+ {61} 30. bxc3 {2} Qxe5 {25} 31. dxe5 {0} Rd5 {387} 32. Rh7
{760} Rxe5 {31} 33. Rxf7 {10} Rxg5 {65} 34. Rxa7 {12} Rf5 {62} 35. Rg7 {10}
Rxf3 {127} 36. Rxg6 {7} Rxc3 {10} 37. Kb2 {2} Rc4 {26} 38. Rg7 {4} 1/2-1/2

[Event "Ch FRA 2024 Open B"]
[Site "ALPE D'HUEZ, France"]
[Date "2024.08.19"]
[Round "3.4"]
[White "LADIGUE, Aurélien"]
[Black "QUIEVY, Gabriel"]
[Result "0-1"]
[ECO "B07"]
[WhiteElo "1885"]
[BlackElo "1921"]
[PlyCount "68"]
[EventDate "2024.??.??"]
[TimeControl "90/40+30:0"]

1. e4 {8} d6 {52} 2. d4 {23} Nf6 {11} 3. Nc3 {17} g6 {5} 4. Be2 {193} Bg7 {94}
5. Be3 {32} O-O {194} 6. Qd2 {51} Nc6 {684} 7. f4 {271} e5 {172} 8. fxe5 {83}
dxe5 {8} 9. d5 {40} Nd4 {699} 10. O-O-O {469} c5 {735} 11. dxc6 {381} Nxc6 {112
} 12. Qxd8 {304} Rxd8 {17} 13. Nf3 {89} Bg4 {1135} 14. Bg5 {1029} h6 {605} 15.
Be3 {5} Be6 {186} 16. Bb5 {282} Ng4 {216} 17. Rxd8+ {615} Rxd8 {83} 18. Bc5 {47
} Nd4 {185} 19. Ba4 {670} b6 {202} 20. Be7 {121} Rc8 {14} 21. Nd5 {309} Nf2 {
184} 22. Rf1 {19} Nxe4 {32} 23. Nxd4 {285} exd4 {69} 24. Nf4 {26} Bf5 {73} 25.
b4 {223} d3 {134} 26. Nxd3 {338} Nc3 {76} 27. Rxf5 {31} gxf5 {49} 28. Bb3 {14}
Re8 {53} 29. Bd6 {79} Re2 {42} 30. Bb8 {158} a5 {84} 31. bxa5 {99} bxa5 {4} 32.
a4 {4} Rxg2 {40} 33. Bc7 {21} Ne4 {62} 34. Kd1 {47} Bc3 {46} 0-1

[Event "Ch FRA 2024 Open B"]
[Site "ALPE D'HUEZ, France"]
[Date "2024.08.20"]
[Round "4.13"]
[White "NAVROTESCU, Vlad-Andrei"]
[Black "SAMOUELIAN, Solal"]
[Result "1-0"]
[ECO "A04"]
[WhiteElo "1948"]
[BlackElo "1913"]
[PlyCount "106"]
[EventDate "2024.??.??"]
[TimeControl "90/40+30:0"]

1. Nf3 {172} c5 {37} 2. b3 {49} Nc6 {25} 3. Bb2 {10} d6 {36} 4. g3 {88} e5 {135
} 5. d3 {172} g6 {29} 6. Bg2 {8} Bg7 {31} 7. O-O {24} Nge7 {23} 8. c4 {33} Be6
{21} 9. Nc3 {307} O-O {43} 10. Qd2 {121} h6 {37} 11. Ne1 {14} Rb8 {70} 12. Nc2
{17} a6 {23} 13. Ne3 {177} b5 {137} 14. Ncd5 {19} Bxd5 {289} 15. Nxd5 {16} Nxd5
{45} 16. Bxd5 {21} Ne7 {38} 17. Bg2 {48} Qb6 {109} 18. Bc3 {387} Kh7 {251} 19.
e3 {198} Rbc8 {190} 20. Rad1 {469} Nc6 {96} 21. h4 {459} b4 {216} 22. Bb2 {10}
a5 {51} 23. Bxc6 {79} Qxc6 {7} 24. d4 {282} exd4 {0} 25. exd4 {7} a4 {70} 26.
Qf4 {1415} a3 {135} 27. Ba1 {7} Rce8 {876} 28. h5 {197} Re2 {849} 29. dxc5 {124
} dxc5 {191} 30. Bxg7 {743} Kxg7 {22} 31. Rd6 {5} Qe4 {100} 32. Qf6+ {84} Kg8 {
25} 33. Rfd1 {493} Re1+ {566} 34. Rxe1 {6} Qxe1+ {8} 35. Kh2 {7} g5 {534} 36.
Qf5 {70} Kg7 {62} 37. Qxc5 {19} Qe2 {45} 38. Qd4+ {88} Kh7 {176} 39. Qd3+ {208}
Qxd3 {13} 40. Rxd3 {5} Re8 {4} 41. Rd2 {11} Re1 {168} 42. Rc2 {302} Rb1 {22}
43. c5 {320} Rb2 {40} 44. Rc1 {35} Rxf2+ {120} 45. Kg1 {16} Rd2 {85} 46. c6 {
128} Rd8 {7} 47. Kf2 {164} Kg7 {95} 48. Ke3 {168} Kf6 {57} 49. Rc4 {722} Rc8 {
14} 50. Kd4 {42} Ke6 {72} 51. Kc5 {25} f5 {41} 52. Kb6 {20} Kd6 {44} 53. c7 {70
} Kd5 {26} 1-0

[Event "Ch FRA 2024 Open B"]
[Site "ALPE D'HUEZ, France"]
[Date "2024.08.20"]
[Round "4.2"]
[White "QUIEVY, Gabriel"]
[Black "BEAUVOIS, Benjamin"]
[Result "0-1"]
[ECO "E18"]
[WhiteElo "1921"]
[BlackElo "1957"]
[PlyCount "133"]
[EventDate "2024.??.??"]
[TimeControl "90/40+30:0"]

1. d4 {7} Nf6 {8} 2. c4 {8} e6 {5} 3. Nf3 {66} b6 {7} 4. g3 {74} Bb7 {5} 5. Bg2
{5} Be7 {6} 6. O-O {24} O-O {5} 7. Nc3 {125} Ne4 {5} 8. Nxe4 {49} Bxe4 {10} 9.
Ne1 {75} Bxg2 {434} 10. Kxg2 {89} d5 {134} 11. Qd3 {526} c5 {1503} 12. Nf3 {
1548} cxd4 {228} 13. cxd5 {94} Qxd5 {34} 14. Qxd4 {14} Qb5 {560} 15. Qe5 {717}
Qc6 {824} 16. a4 {542} Rd8 {147} 17. Bf4 {676} Bf6 {681} 18. Qb5 {53} Qxb5 {720
} 19. axb5 {5} Nd7 {13} 20. Rfd1 {183} e5 {68} 21. Be3 {48} Kf8 {85} 22. Rac1 {
232} Ke8 {126} 23. Rc7 {157} a6 {19} 24. bxa6 {211} Rxa6 {5} 25. Rc6 {288} e4 {
284} 26. Nd4 {196} Ne5 {182} 27. Rc7 {70} Ra4 {24} 28. b3 {101} Rb4 {67} 29.
Ra1 {65} Rbxd4 {44} 30. Bxd4 {10} Rxd4 {5} 31. Ra8+ {62} Rd8 {12} 32. Raa7 {40}
Rd7 {33} 33. Rcb7 {28} Rxb7 {39} 34. Rxb7 {2} Nd7 {9} 35. f3 {39} exf3+ {106}
36. Kxf3 {8} Ke7 {13} 37. Ke3 {49} Ke6 {24} 38. Kd2 {27} Bd4 {31} 39. Kc2 {42}
h5 {40} 40. Rc7 {46} f5 {46} 41. Rc4 {33} Bc5 {601} 42. e4 {166} Nf6 {210} 43.
exf5+ {121} Kxf5 {7} 44. Rf4+ {114} Ke5 {84} 45. Kd3 {41} g5 {144} 46. Rf1 {75}
Ng4 {141} 47. Re1+ {629} Kf5 {14} 48. Rf1+ {435} Ke5 {227} 49. Re1+ {63} Kd5 {5
} 50. Re8 {95} Nf6 {151} 51. Re2 {69} Bd6 {277} 52. Rf2 {161} Ke5 {31} 53. Kc4
{33} Bc5 {174} 54. Re2+ {44} Kf5 {6} 55. b4 {33} Bg1 {57} 56. Kb5 {46} Nd5 {61}
57. Rg2 {64} Be3 {28} 58. h3 {50} Ke4 {16} 59. Kc4 {76} Kf3 {92} 60. Ra2 {29}
Ne7 {26} 61. Ra3 {54} Nf5 {25} 62. g4 {25} hxg4 {5} 63. hxg4 {4} Kxg4 {8} 64.
Kd5 {21} Kf3 {32} 65. Ke5 {14} g4 {102} 66. Kxf5 {10} g3 {6} 67. Ke5 {105} 0-1

[Event "Ch FRA 2024 Open B"]
[Site "ALPE D'HUEZ, France"]
[Date "2024.08.20"]
[Round "4.3"]
[White "MAUREL, Thibaud"]
[Black "LECOCQ, ALexandre"]
[Result "1/2-1/2"]
[ECO "B23"]
[WhiteElo "1940"]
[BlackElo "1889"]
[PlyCount "71"]
[EventDate "2024.??.??"]
[TimeControl "90/40+30:0"]

1. e4 {8} c5 {5} 2. Nc3 {15} Nc6 {17} 3. Bb5 {50} Nd4 {84} 4. Nf3 {99} a6 {6}
5. Bd3 {159} d6 {320} 6. Nxd4 {272} cxd4 {2} 7. Ne2 {14} e5 {107} 8. c3 {193}
dxc3 {57} 9. dxc3 {198} Be6 {215} 10. Be3 {454} Be7 {108} 11. O-O {137} Nf6 {17
} 12. c4 {568} Rc8 {302} 13. b3 {169} O-O {682} 14. Ng3 {271} Qd7 {438} 15. Qe2
{179} Bd8 {412} 16. h3 {264} Qc6 {475} 17. Kh1 {212} Nd7 {481} 18. f4 {356} f6
{7} 19. f5 {63} Bf7 {2} 20. Rfd1 {184} Bb6 {59} 21. Bc1 {227} Bc5 {114} 22. Bb2
{97} Qb6 {66} 23. Bc2 {96} Nb8 {78} 24. Nf1 {164} Nc6 {102} 25. Nd2 {108} Rfd8
{360} 26. Nf3 {113} Kf8 {539} 27. Bc3 {218} Ba3 {226} 28. Ne1 {254} a5 {143}
29. Bd3 {144} Bb4 {71} 30. Bxb4 {133} axb4 {38} 31. a3 {30} bxa3 {22} 32. Rxa3
{27} Ra8 {50} 33. Rda1 {27} Rxa3 {58} 34. Rxa3 {5} Qb4 {54} 35. Nc2 {38} Qc3 {
31} 36. Qd1 {203} 1/2-1/2